 Dungeon Crawl Stone Soup version 0.31.0-11-ge490571c62 (webtiles) character file.

Game seed: 13053654694348863125

646 sanka the Geomancer (level 7, -3/36 HPs)
             Began as a Gargoyle Earth Elementalist on Jan 28, 2024.
             Was an Initiate of Vehumet.
             Slain by Edmund
             ... wielding a +1 flail of protection
              (10 damage)
             ... on level 4 of the Dungeon.
             The game lasted 00:06:49 (4054 turns).

sanka the Geomancer (Gargoyle Earth Elementalist)   Turns: 4054, Time: 00:06:50

Health: -3/36      AC:  7    Str: 11    XL:     7   Next: 52%
Magic:  0/13       EV: 11    Int: 18    God:    Vehumet [......]
Gold:   240        SH:  0    Dex: 10    Spells: 7/14 levels left

rFire   . . .        o - +0 quarterstaff
rCold   . . .        (shield currently unavailable)
rNeg    + . .        a - +0 robe
rPois   ∞            (no helmet)
rElec   +            i - +0 cloak
rCorr   .            (no gloves)
SInv    +            (no boots)
Will    .....        (no amulet)
Stlth   ++           (no ring)
HPRegen 0.26/turn    r - ring of see invisible
MPRegen 0.13/turn

%: no passive effects
@: no status effects
A: sickness immunity, AC +4, negative energy resistance 1, electricity
resistance, torment resistance 1, petrification resistance
a: Renounce Religion


You were on level 4 of the Dungeon.
You worshipped Vehumet.
Vehumet was noncommittal.
You visited 2 branches of the dungeon, and saw 5 of its levels.
You also visited: Ossuary.

You collected 240 gold pieces.


Innate Abilities, Weirdness & Mutations

You are immune to sickness and miasma.
Your stone body is resilient. (AC +4)
You are immune to poison.
You resist negative energy. (rN+)
You are resistant to electric shocks. (rElec)
You are resistant to unholy torment.
You are immune to petrification.


   Skills:
 - Level 1.5 Dodging
 - Level 2.1 Stealth
 - Level 4.0 Spellcasting
 - Level 4.0 Conjurations
 + Level 8.0 Earth Magic


You had 7 spell levels left.
You knew the following spells:

 Your Spells              Type           Power      Damage    Failure   Level
x - Stone Arrow           Conj/Erth      50%        3d10      3%          3
z - Sandblast             Erth           64%        2d14      1%          1
N - Passwall              Erth           32%        N/A       1%          3

Your spell library contained the following spells:

 Spells                   Type           Power      Damage    Failure   Level
 Magic Dart               Conj           72%        1d6       2%          1
 Searing Ray              Conj           36%        2d5       4%          2
 Brom's Barrelling Bould  Conj/Erth      25%        2d5       12%         4
 Necrotise                Necr           12%        1d4       14%         1
 Petrify                  Alch/Erth      18%        N/A       28%         4
 Vampiric Draining        Necr           3%         2d6       41%         3
 Fulminant Prism          Conj/Alch      5%         3d6       54%         4
 Martyr's Knell           Necr/Summ      3%         N/A       82%         4
 Curse of Agony           Necr           3%         N/A       99%         5

Inventory:

Hand Weapons
 f - a +0 dagger
 o - a +0 quarterstaff (weapon)
 u - a +2 vampiric spear
Armour
 a - a +0 robe (worn)
 i - a +0 cloak (worn)
 t - a +2 ring mail of poison resistance
Jewellery
 m - an amulet of regeneration
 r - a ring of see invisible (right hand)
Wands
 v - a wand of polymorph (2)
Scrolls
 d - 4 scrolls of teleportation {unknown}
 e - 2 scrolls of blinking {unknown}
 k - 2 scrolls of identify {unknown}
 n - a scroll of amnesia {unknown}
 p - a scroll of immolation {unknown}
 s - a scroll of poison {unknown}
Potions
 b - 3 potions of magic
 c - 3 potions of attraction {unknown}
 g - a potion of enlightenment {unknown}
 h - 2 potions of mutation {unknown}
 j - 5 potions of lignification {unknown}
 l - 7 potions of heal wounds {unknown}
 q - a potion of cancellation {unknown}
 w - 2 potions of haste {unknown}

Dungeon Overview and Level Annotations

Branches:
Dungeon (4/15)             Temple (1/1) D:4         Ossuary (visited)

Altars:
Dithmenos
Elyvilon
Fedhas
Gozag
Kikubaaqudgha
Makhleb
Nemelex Xobeh
Okawaru
Qazlal
Ru
Sif Muna
Vehumet
Xom
Yredelemnul
Zin
The Shining One

Annotations:
D:4 Edmund

........▒▒).....▒▒▒▒▒
▒.........).........▒
▒..▒..▒[......▒▒▒▒▒.▒
...........▒▒.▒▒▒▒▒.▒▒▒▒▒
▒▒......▒▒▒▒▒.▒▒........▒
▒▒...▒▒▒ ▒.▒▒.▒▒.▒▒▒.▒
▒...▒ ▒.......▒ ▒▒▒ ▒...▒
▒▒.▒.▒▒.▒ .... ▒...
▒.▒8▒▒.▒▒▒...▒▒
▒.▒@▒▒.▒...▒..
▒.▒.▒▒.▒......
▒.▒.▒▒....▒.▒ ▒ ▒
▒.....).▒▒▒.▒ .▒.▒
▒▒▒...▒▒▒...▒▒....
▒†▒........▒..▒ .
▒...▒▒..>..▒▒....
▒.▒..▒........▒


You could see Edmund.


Message History

Edmund hits you with a +1 flail of protection!
You closely miss Edmund.
Edmund is almost dead.
Edmund hits you with a +1 flail of protection!
* * * LOW HITPOINT WARNING * * *
Edmund attacks as he pursues you!
Edmund hits you with a +1 flail of protection.
* * * LOW HITPOINT WARNING * * *
Edmund attacks as he pursues you! Edmund closely misses you.
The blast of sand hits Edmund but does no damage.
Edmund is almost dead.
Edmund hits you with a +1 flail of protection.
* * * LOW HITPOINT WARNING * * *
Okay, then.
Edmund attacks as he pursues you!
Edmund hits you with a +1 flail of protection.
* * * LOW HITPOINT WARNING * * *
Edmund attacks as he pursues you! Edmund closely misses you.
Edmund attacks as he pursues you!
Edmund hits you with a +1 flail of protection!
* * * LOW HITPOINT WARNING * * *
Unknown command.
The blast of sand hits Edmund but does no damage.
Edmund is severely wounded.
Edmund says, "What use are spells, anyway?"
Edmund hits you with a +1 flail of protection!
You die...
Edmund says, "I'd like to see a scythe do that!"

Action                     |  1- 3 |  4- 6 |  7- 9 || total
---------------------------+-------+-------+-------++-------
  Melee: Unarmed           |     5 |       |       ||     5
         Punch             |     1 |       |       ||     1
         Dagger            |       |     6 |       ||     6
         Quarterstaff      |       |   131 |     8 ||   139
   Cast: Sandblast         |    50 |    50 |    38 ||   138
         Stone Arrow       |       |       |     3 ||     3
   Stab: Sleeping          |       |     1 |       ||     1
 Armour: Robe              |    14 |   205 |    56 ||   275
  Dodge: Dodged            |    19 |   197 |    26 ||   242

Levels and vault maps discovered:
D:1:      dpeg_arrival_lava_altar, layout_loops_ring, nrook_mini_backslash,
          roderic_roman_lattice
D:2:      minmay_thinvault, layout_basic, serial_aquarium,
          aquarium_bridge_square [aquarium_subvault_balcony,
          aquarium_subvault_bridge, aquarium_subvault_wall,
          aquarium_subvault_bridge], aquarium_window_1, aquarium_window_corner,
          aquarium_window_fake, aquarium_view_2d, aquarium_view_2c
D:3:      layout_rooms, kennysheep_doodads, uniq_jessica
D:4:      layout_loops_cross, grunt_temple_overflow_open,
          minmay_temple_entry_slanted, enter_ossuary_2, uniq_edmund
Temple:   regret_index_temple_waves

Notes
Turn   | Place    | Note
-------+----------+-------------------------------------------
     0 | D:1      | sanka the Gargoyle Earth Elementalist began the quest for
                  | the Orb.
     0 | D:1      | Reached XP level 1. HP: 10/10 MP: 3/3
   249 | D:1      | Reached XP level 2. HP: 12/15 MP: 0/5
   979 | D:2      | Reached skill level 4 in Earth Magic
  1022 | D:2      | Reached XP level 3. HP: 19/19 MP: 4/6
  1110 | D:2      | Reached skill level 2 in Conjurations
  1702 | D:2      | Reached XP level 4. HP: 24/24 MP: 4/8
  2193 | D:2      | Learned a level 3 spell: Passwall
  2197 | D:2      | Learned a level 3 spell: Stone Arrow
  2448 | D:3      | Reached skill level 3 in Spellcasting
  2469 | D:3      | Noticed Jessica
  2483 | D:3      | Killed Jessica
  2535 | D:3      | Reached XP level 5. HP: 28/28 MP: 7/9
  2717 | D:3      | Reached skill level 3 in Conjurations
  2916 | D:4      | Reached skill level 5 in Earth Magic
  2966 | D:4      | Found a sand-covered staircase.
  2997 | Ossuary  | Entered an ossuary
  3028 | Ossuary  | Reached XP level 6. HP: 18/32 MP: 9/11
  3296 | Ossuary  | Reached skill level 4 in Conjurations
  3341 | Ossuary  | Reached skill level 4 in Spellcasting
  3341 | Ossuary  | Reached skill level 6 in Earth Magic
  3348 | Ossuary  | Reached XP level 7. HP: 18/36 MP: 3/13
  3446 | Ossuary  | Reached skill level 7 in Earth Magic
  3887 | D:4      | Reached skill level 8 in Earth Magic
  3915 | D:4      | Found a staircase to the Ecumenical Temple.
  3936 | D:4      | Found a burning altar of Makhleb.
  3951 | D:4      | Noticed Edmund
  3953 | Temple   | Entered the Ecumenical Temple
  3984 | Temple   | Became a worshipper of Vehumet
  4054 | D:4      | Slain by Edmund

Vanquished Creatures
  2 elf zombies (Ossuary)
  4 centaur zombies (Ossuary)
  2 human zombies (Ossuary)
  Jessica (D:3)
  6 hound zombies (Ossuary)
  2 mummies (Ossuary)
  3 adders
  4 gnolls (D:4)
  A shadow imp (D:4)
  4 adder zombies (Ossuary)
  A dart slug (D:1)
  4 ribbon worms
  10 ball pythons
  5 bats
  2 endoplasms (D:2)
  2 giant cockroaches (D:2)
  2 goblins (D:2)
  6 hobgoblins
  6 jackals
  3 quokkas
  2 frilled lizards
  3 gnoll zombies (Ossuary)
  4 jackal zombies (Ossuary)
  5 kobolds
  6 kobold zombies (Ossuary)
  5 orc zombies (Ossuary)
  7 rats
102 creatures vanquished.
